 Dungeon Crawl Stone Soup version 0.30-a0-322-g102857c (webtiles) character file.

Game seed: 10561367632406500250

37613 Sixotanaka the Nimble (level 13, -3/101 HPs)
             Began as a Gnoll Wanderer on Oct 27, 2022.
             Was the Champion of Cheibriados.
             Killed from afar by a catoblepas (11 damage)
             ... with a blast of calcifying dust
             ... on level 5 of the Lair of Beasts.
             The game lasted 00:48:33 (15991 turns).

Sixotanaka the Nimble (Gnoll Wanderer)             Turns: 15991, Time: 00:48:35

Health: -3/101     AC: 11    Str: 33    XL:     13   Next: 97%
Magic:  26/26      EV: 23    Int: 27    God:    Cheibriados [******]
Gold:   845        SH:  8    Dex: 25    Spells: 14/31 levels left

rFire   + . .      SeeInvis .    a - +3 war axe (flame)
rCold   + . .      Faith    .    E - +0 buckler
rNeg    . . .      Spirit   .    r - +2 ring mail {rF+}
rPois   .          Reflect  .    m - +0 helmet
rElec   .          Harm     .    N - +0 cloak
rCorr   .          Rampage  .    (no gloves)
Will    .....                    (no boots)
Stlth   ++++......               j - amulet of magic regeneration
HPRegen 0.36/turn                G - ring of protection from cold
MPRegen 0.60/turn                R - ring of wizardry

@: studying Dodging, very slow
A: fangs 1, strong nose, distributed training
a: Renounce Religion, Bend Time, Temporal Distortion, Slouch, Step From Time


You were on level 5 of the Lair of Beasts.
You worshipped Cheibriados.
Cheibriados was exalted by your worship.
You visited 3 branches of the dungeon, and saw 15 of its levels.
You also visited: Volcano.

You collected 869 gold pieces.
You spent 24 gold pieces at shops.

Inventory:

Hand Weapons
 a - a +3 war axe of flaming (weapon)
 C - a +0 broad axe of flaming
 J - a +2 trident of flaming
 S - a +1 rapier of holy wrath
Missiles
 i - 15 poisoned darts
 F - 3 throwing nets (quivered)
 T - 12 javelins
Armour
 m - a +0 helmet (worn)
 r - a +2 ring mail of fire resistance (worn)
 y - +0 steam dragon scales
 A - a +2 leather armour of cold resistance
 E - a +0 buckler (worn)
 I - a +0 kite shield
 N - a +0 cloak (worn)
Magical Staves
 b - a staff of conjuration
Jewellery
 j - an amulet of magic regeneration (around neck)
 s - a ring of resist corrosion
 v - a ring of positive energy
 G - a ring of protection from cold (left hand)
 R - a ring of wizardry (right hand)
Wands
 t - a wand of flame (4)
 K - a wand of iceblast (11)
 P - a wand of paralysis (8)
Scrolls
 f - a scroll of amnesia {unknown}
 h - 2 scrolls of enchant weapon
 k - 6 scrolls of immolation
 n - 4 scrolls of summoning
 o - 4 scrolls of poison
 u - 2 scrolls of fear
 w - 2 scrolls of teleportation
 x - 3 scrolls of butterflies
 Q - a scroll of magic mapping {unknown}
Potions
 c - a potion of brilliance {unknown}
 e - 2 potions of flight {unknown}
 g - 2 potions of mutation
 l - a potion of cancellation {unknown}
 p - a potion of might {unknown}
 q - 2 potions of haste {unknown}
 z - a potion of lignification {unknown}
 B - 3 potions of attraction {unknown}
 D - 2 potions of heal wounds {unknown}
 H - a potion of resistance {unknown}
 M - a potion of curing


   Skills:
 + Level 9.1 Fighting
 + Level 9.1 Short Blades
 + Level 9.1 Long Blades
 + Level 11.2 Axes
 + Level 9.1 Maces & Flails
 + Level 9.1 Polearms
 + Level 9.1 Staves
 + Level 9.1 Ranged Weapons
 + Level 9.1 Throwing
 + Level 9.1 Armour
 + Level 13.9 Dodging
 + Level 9.1 Stealth
 + Level 9.1 Shields
 + Level 9.1 Unarmed Combat
 + Level 9.5 Spellcasting
 + Level 8.5 Conjurations
 + Level 7.5 Hexes
 + Level 7.5 Summonings
 + Level 7.5 Necromancy
 + Level 7.5 Translocations
 + Level 7.5 Transmutations
 + Level 7.5 Fire Magic
 + Level 7.5 Ice Magic
 + Level 7.5 Air Magic
 + Level 7.5 Earth Magic
 + Level 7.5 Poison Magic
 + Level 9.9 Invocations
 + Level 9.5 Evocations


You had 14 spell levels left.
You knew the following spells:

 Your Spells              Type           Power      Damage    Failure   Level
a - Foxfire               Conj/Fire      100%       2x1d9     1%          1
b - Mephitic Cloud        Conj/Pois/Air  54%        N/A       1%          3
c - Ozocubu's Armour      Ice            52%        N/A       1%          3
d - Ensorcelled Hibernat  Hex/Ice        100%       N/A       1%          2
e - Passwall              Tmut/Erth      43%        N/A       1%          2
f - Stone Arrow           Conj/Erth      100%       3d13      1%          3
g - Hailstorm             Conj/Ice       54%        3d12      1%          3

Your spell library contained the following spells:

 Spells                   Type           Power      Damage    Failure   Level
 Magic Dart               Conj           100%       1d8       1%          1
 Sandblast                Erth           100%       2d20      1%          1
 Call Imp                 Summ           52%        N/A       1%          2
 Swiftness                Air            52%        N/A       1%          3
 Tukima's Dance           Hex            52%        N/A       1%          3
 Ice Form                 Ice/Tmut       52%        N/A       1%          4
 Passage of Golubria      Tloc           52%        N/A       1%          4
 Metabolic Englaciation   Hex/Ice        26%        N/A       3%          5
 Yara's Violent Unravell  Hex/Tmut       26%        3d11      3%          5
 Simulacrum               Ice/Necr       26%        N/A       21%         6


Dungeon Overview and Level Annotations

Branches:
Dungeon (9/15)             Temple (1/1) D:4            Lair (5/5) D:9
  Swamp (0/4) Lair:3        Snake (0/4) Lair:2      Volcano (visited)
  Slime: Lair:4-5       Orc: D:9-12

Altars:
Ashenzari
Cheibriados
Fedhas
Gozag
Hepliaklqana
Makhleb
Nemelex Xobeh
Okawaru
Ru
Sif Muna
Trog
Vehumet
Wu Jian
Xom
Yredelemnul
Zin

Shops:
D:1 !?[(   D:8 *   D:9 [

Annotations:
D:4 1 transporter, senlim's ghost, amateur DsRe
Lair:4 4 exclusions, Rupert


Innate Abilities, Weirdness & Mutations

You have very sharp teeth.
Your uncanny sense of smell can sniff out nearby items.
Your experience applies equally to all skills.


Message History

The yak gores you.
The yak snorts and paws the ground.
The catoblepas gores you!! The yak gores you.
* * * LOW HITPOINT WARNING * * *
The yak gores you!
* * * LOW HITPOINT WARNING * * *
The yak gores you!
* * * LOW HITPOINT WARNING * * *
The catoblepas gores you.
* * * LOW HITPOINT WARNING * * *
The yak stops moving altogether!
The yak gores you but does no damage. The yak gores you.
* * * LOW HITPOINT WARNING * * *
The catoblepas gores you!
* * * LOW HITPOINT WARNING * * *
The yak gores you but does no damage. x2
The catoblepas breathes a plume of calcifying dust at you.
The blast of calcifying dust hits you but does no damage.
The blast of calcifying dust hits the yak.
You turn to flesh and can move again.
The yak is engulfed in calcifying dust.
The catoblepas breathes a plume of calcifying dust at you.
The blast of calcifying dust hits you.
* * * LOW HITPOINT WARNING * * *
The yak is engulfed in calcifying dust.
The yak is moving more slowly.
The yak is engulfed in calcifying dust. x2; The yak is moving more slowly.
The yak barely misses you. You block the catoblepas's attack.
Blink to where?
Press: ? - help, Dir - move target
As you read the scroll of blinking, it crumbles to dust.
Casting: Hailstorm (safe; 1% risk of failure)
Confirm with . or Enter, or press ? or * to list all spells.
Aiming: Passwall (safe; 1% risk of failure)
Press: ? - help, Dir - move target A rock wall.
You begin to meditate on the wall.
You continue meditating on the rock. x4
The catoblepas breathes a plume of calcifying dust at you.
The blast of calcifying dust hits you!
You die...

###.##P!## ##.......P##
###### ##...#.....P# #[.P.#
##..P###.....#
##...####...## ##....#
#....##...### ###..###
##......### ##...## .#
#P.##...## ##..### #.##
#######..## #@..## ... ###
##..# ##§.P# .. ##.###
##.###..§## .##
##....####÷......Y## ##..##
#......##.....###..####...P#
##...†..#...###
##..##.....## #..##.....##
#....Y8.8.P# #...###.###
###.8YY..8..# ##...#######
#§..§8.....#


There were no monsters in sight!

Vanquished Creatures
  4 hydras
  2 catoblepae (Lair:5)
  5 death yaks (Lair:5)
  Urug (Lair:3)
  An ugly thing (Volcano)
  A manticore (Lair:5)
  4 elephants (Lair:3)
  4 black mambas
  7 cane toads
  A torpor snail (Lair:5)
  2 rime drakes
  Maggie (D:7)
  5 komodo dragons
  2 polar bears
  Prince Ribbit (D:8)
  11 dream sheep
  12 blink frogs
  7 wyverns
  3 fire bats (Lair:4)
  56 yaks
  3 basilisks
  A steam dragon (D:9)
  An orc warrior (D:9)
  17 water moccasins
  4 black bears
  A sky beast (D:6)
  3 ice beasts
  4 ogres
  16 wolves
  3 centaurs
  2 phantoms
  Blork the orc (D:4)
  A kobold brigand (D:9)
  2 necrophages
  10 bullfrogs
  4 gnoll sergeants
  6 scorpions
  4 wights (D:9)
  13 killer bees
  A howler monkey (D:7)
  3 electric eels (Lair:4)
  A vampire bat (Lair:3)
  A jelly (D:7)
  4 hounds
  A gnoll bouda (D:8)
  3 orc priests
  7 iguanas
  9 orc wizards
  19 gnolls
  11 adders
  3 shadow imps
  2 white imps
  An ufetubus (D:4)
  5 worms
  5 dart slugs
  32 orcs
  15 bats
  8 endoplasms
  3 giant cockroaches
  8 hobgoblins
  12 jackals
  5 quokkas
  6 ball pythons
  2 frilled lizards (D:3)
  10 goblins
  9 kobolds
  4 rats
416 creatures vanquished.

Vanquished Creatures (collateral kills)
  23 foxfires
23 creatures vanquished.

Vanquished Creatures (others)
  1254 foxfires
  52 fungi
  83 plants
1389 creatures vanquished.

Grand Total: 1828 creatures vanquished

Notes
Turn   | Place    | Note
-------+----------+-------------------------------------------
     0 | D:1      | Sixotanaka the Gnoll Wanderer began the quest for the Orb.
     0 | D:1      | Sixotanaka set off with the following items: a +2 hand axe,
                  | a +0 cloak, a potion of curing, a +0 leather armour; and
                  | the following spell memorised: Foxfire; and the following
                  | spells available to memorise: Mephitic Cloud.
     0 | D:1      | Reached XP level 1. HP: 13/13 MP: 4/4
    33 | D:1      | Reached XP level 2. HP: 17/19 MP: 5/5
    77 | D:1      | Found Cotes's Weapon Shoppe.
   164 | D:1      | Found Goruadeph's Magic Scroll Boutique.
   225 | D:1      | Found Jiodumakh's Distillery.
   229 | D:1      | Reached XP level 3. HP: 25/25 MP: 7/7
   387 | D:1      | Reached skill level 1 in Invocations
   611 | D:1      | Found Egurab's Antique Armour Shoppe.
   693 | D:1      | Bought a scroll of identify for 24 gold pieces
   805 | D:2      | Reached skill level 1 in Fighting
   805 | D:2      | Reached skill level 1 in Short Blades
   805 | D:2      | Reached skill level 1 in Long Blades
   805 | D:2      | Reached skill level 1 in Maces & Flails
   805 | D:2      | Reached skill level 1 in Polearms
   805 | D:2      | Reached skill level 1 in Staves
   805 | D:2      | Reached skill level 1 in Ranged Weapons
   805 | D:2      | Reached skill level 1 in Throwing
   805 | D:2      | Reached skill level 1 in Armour
   805 | D:2      | Reached skill level 1 in Stealth
   805 | D:2      | Reached skill level 1 in Shields
   805 | D:2      | Reached skill level 1 in Unarmed Combat
   905 | D:2      | Reached XP level 4. HP: 31/32 MP: 8/8
  1180 | D:2      | Reached skill level 1 in Hexes
  1180 | D:2      | Reached skill level 1 in Summonings
  1180 | D:2      | Reached skill level 1 in Necromancy
  1180 | D:2      | Reached skill level 1 in Translocations
  1180 | D:2      | Reached skill level 1 in Transmutations
  1180 | D:2      | Reached skill level 1 in Fire Magic
  1180 | D:2      | Reached skill level 1 in Ice Magic
  1180 | D:2      | Reached skill level 1 in Air Magic
  1180 | D:2      | Reached skill level 1 in Earth Magic
  1180 | D:2      | Reached skill level 1 in Poison Magic
  1797 | D:3      | Reached XP level 5. HP: 37/37 MP: 9/9
  1995 | D:3      | Found a blossoming altar of Fedhas.
  3158 | D:4      | Reached XP level 6. HP: 32/44 MP: 7/11
  3298 | D:4      | Reached skill level 7 in Dodging
  3298 | D:4      | Reached XP level 7. HP: 20/51 MP: 7/12
  3481 | D:4      | Noticed Blork the orc
  3496 | D:4      | Killed Blork the orc
  3775 | D:4      | Found a transporter.
  3779 | D:4      | Noticed senlim's ghost (amateur DsRe)
  3780 | D:4      | Found a staircase to the Ecumenical Temple.
  3811 | Temple   | Entered the Ecumenical Temple
  3826 | Temple   | Became a worshipper of Cheibriados the Contemplative
  3890 | D:4      | Found an iron altar of Okawaru.
  3989 | D:5      | Entered Level 5 of the Dungeon
  3994 | D:5      | Noticed a troll
  4236 | D:5      | Reached XP level 8. HP: 58/58 MP: 9/14
  4379 | D:5      | Found a radiant altar of Vehumet.
  4552 | D:5      | You fall into a shaft and drop 2 floors!
  4599 | D:7      | Noticed Maggie
  4611 | D:7      | Killed Maggie
  4686 | D:7      | Learned a level 3 spell: Mephitic Cloud
  4690 | D:7      | Learned a level 3 spell: Ozocubu's Armour
  4800 | D:7      | Reached * piety under Cheibriados
  4821 | D:7      | Reached skill level 8 in Dodging
  4826 | D:7      | Reached skill level 5 in Conjurations
  5041 | D:7      | Reached XP level 9. HP: 65/65 MP: 14/16
  5156 | D:8      | Reached skill level 5 in Spellcasting
  5269 | D:7      | Reached ** piety under Cheibriados
  5270 | D:7      | Reached skill level 5 in Evocations
  5488 | D:6      | Found an ornate altar of the Wu Jian Council.
  5887 | D:6      | Found a broken altar of Ashenzari.
  5953 | D:6      | Reached skill level 5 in Invocations
  6093 | D:6      | Reached skill level 9 in Dodging
  6275 | D:5      | Found a bloodstained altar of Trog.
  6457 | D:5      | Learned a level 2 spell: Ensorcelled Hibernation
  6460 | D:5      | Learned a level 2 spell: Passwall
  6521 | D:5      | Reached *** piety under Cheibriados
  7365 | D:7      | Reached skill level 5 in Fighting
  7365 | D:7      | Reached skill level 5 in Short Blades
  7365 | D:7      | Reached skill level 5 in Long Blades
  7365 | D:7      | Reached skill level 5 in Maces & Flails
  7365 | D:7      | Reached skill level 5 in Polearms
  7365 | D:7      | Reached skill level 5 in Staves
  7365 | D:7      | Reached skill level 5 in Ranged Weapons
  7365 | D:7      | Reached skill level 5 in Throwing
  7365 | D:7      | Reached skill level 5 in Armour
  7365 | D:7      | Reached skill level 5 in Stealth
  7365 | D:7      | Reached skill level 5 in Shields
  7365 | D:7      | Reached skill level 5 in Unarmed Combat
  7365 | D:7      | Reached XP level 10. HP: 50/74 MP: 18/18
  8392 | D:8      | Noticed Prince Ribbit
  8399 | D:8      | Killed Prince Ribbit
  8667 | D:8      | Reached **** piety under Cheibriados
  8772 | D:8      | Found a sacrificial altar of Ru.
  8797 | D:8      | Reached skill level 10 in Dodging
  9046 | D:8      | Found Eblienoromp's Lightly-Used Armoury.
  9147 | D:9      | Found a hazy altar of Hepliaklqana.
  9427 | D:9      | Found Jesheduq's Armour Shop.
  9517 | D:9      | Reached ***** piety under Cheibriados
  9596 | D:9      | Reached skill level 5 in Hexes
  9596 | D:9      | Reached skill level 5 in Summonings
  9596 | D:9      | Reached skill level 5 in Necromancy
  9596 | D:9      | Reached skill level 5 in Translocations
  9596 | D:9      | Reached skill level 5 in Transmutations
  9596 | D:9      | Reached skill level 5 in Fire Magic
  9596 | D:9      | Reached skill level 5 in Ice Magic
  9596 | D:9      | Reached skill level 5 in Air Magic
  9596 | D:9      | Reached skill level 5 in Earth Magic
  9596 | D:9      | Reached skill level 5 in Poison Magic
  9600 | D:9      | Reached XP level 11. HP: 80/81 MP: 21/21
  9799 | D:9      | Learned a level 3 spell: Stone Arrow
 10266 | D:9      | Found a staircase to the Lair.
 10391 | D:9      | Found a sparkling altar of Nemelex Xobeh.
 10394 | D:9      | Found a glowing silver altar of Zin.
 10398 | D:9      | Found a basalt altar of Yredelemnul.
 10481 | Lair:1   | Entered Level 1 of the Lair of Beasts
 10504 | Lair:1   | Reached skill level 11 in Dodging
 11635 | Lair:2   | Noticed a four-headed hydra
 11644 | Lair:2   | Killed a two-headed hydra
 11770 | Lair:2   | Reached XP level 12. HP: 91/91 MP: 13/23
 11798 | Lair:2   | Reached ****** piety under Cheibriados
 12015 | Lair:2   | Found a staircase to the Snake Pit.
 12042 | Lair:2   | Learned a level 3 spell: Hailstorm
 12564 | Lair:3   | Reached skill level 10 in Axes
 12564 | Lair:3   | Reached skill level 12 in Dodging
 12598 | Lair:3   | Found a staircase to the Swamp.
 13002 | Lair:3   | Noticed Urug
 13006 | Lair:3   | Killed Urug
 13947 | Lair:4   | Noticed a four-headed hydra
 13953 | Lair:4   | Killed a four-headed hydra
 14054 | Lair:4   | Noticed Rupert
 14179 | Lair:4   | Reached XP level 13. HP: 98/98 MP: 6/25
 14185 | Lair:4   | Found a dark tunnel.
 14194 | Volcano  | Entered a volcano
 14386 | Lair:4   | Reached skill level 13 in Dodging
 14855 | Lair:5   | Entered Level 5 of the Lair of Beasts
 15985 | Lair:5   | HP: 5/101 [catoblepas/blast of calcifying dust (4)]
 15991 | Lair:5   | Killed from afar by a catoblepas

Illustrated notes

Levels and vault maps discovered:
D:1:      dpeg_arrival_simpleton_b, layout_rooms, serial_shops, shop, shop,
          nicolae_shop_trees, nicolae_shop_bloodbath_and_beyond
D:2:      wad_river_or_something, layout_loops_ring, minmay_tetromino_s4
D:3:      layout_basic, fedhas_ov_isle_minmay
D:4:      layout_cave_pools, kennysheep_mini_moat, minmay_temple_entry_mist,
          gammafunk_ghost_smash, minivault_11, uniq_blork_the_orc
D:5:      layout_cave_pods, nicolae_overflow_hidden_temple,
          nicolae_vehumet_radiance, minmay_manual_mess
D:6:      layout_loops_corners, mainiacjoe_overflow_tiny_flanked,
          pf_just_have_faith
D:7:      layout_loops_corners, hangedman_decor_growths, uniq_maggie
D:8:      layout_loops_ring, nicolae_ru_awakened_eye, minmay_shop_damaged,
          uniq_prince_ribbit1
D:9:      layout_rooms, mainiacjoe_overflow_surrounded_room,
          grunt_temple_overflow_diamond, minmay_lair_entry_grove, serial_shops,
          nicolae_shop_trees, mrwooster_statue_mirror
Temple:   nicolae_temple_two_arcs
Lair:1:   layout_loops_ring
Lair:2:   layout_long_grid, dummy_snake_entry
Lair:3:   layout_regular_city, swamp_mist, small_statue_intersection,
          nicolae_lair_grove_arrangements, roderic_batcave, uniq_urug
Lair:4:   layout_roguey, serial_bayou, serial_bayou_pond_b, serial_bayou_lake_a,
          serial_bayou_pond_b, serial_bayou_pond_b,
          nicolae_volcano_entry_batcave, columned_hall_lemuel, uniq_rupert
Lair:5:   evilmike_catoblepas_cave, layout_long_grid,
          minmay_slime_entry_pillars, grunt_megastairs_5, lemuel_fruit_tree

Skill      XL: |  1  2  3  4  5  6  7  8  9 10 11 12 13 |
---------------+----------------------------------------+-----
Invocations    | 1 2 3 4 5 6 7 8 9 |  9.9
Fighting       | 1 2 3 5 6 7 8 9 |  9.1
Short Blades   | 1 2 3 5 6 7 8 9 |  9.1
Long Blades    | 1 2 3 5 6 7 8 9 |  9.1
Maces & Flails | 1 2 3 5 6 7 8 9 |  9.1
Polearms       | 1 2 3 5 6 7 8 9 |  9.1
Staves         | 1 2 3 5 6 7 8 9 |  9.1
Ranged Weapons | 1 2 3 5 6 7 8 9 |  9.1
Throwing       | 1 2 3 5 6 7 8 9 |  9.1
Armour         | 1 2 3 5 6 7 8 9 |  9.1
Stealth        | 1 2 3 5 6 7 8 9 |  9.1
Shields        | 1 2 3 5 6 7 8 9 |  9.1
Unarmed Combat | 1 2 3 5 6 7 8 9 |  9.1
Spellcasting   | 3 4 5 6 7 8 9 |  9.5
Hexes          | 1 2 3 4 5 6 7 |  7.5
Summonings     | 1 2 3 4 5 6 7 |  7.5
Necromancy     | 1 2 3 4 5 6 7 |  7.5
Translocations | 1 2 3 4 5 6 7 |  7.5
Transmutations | 1 2 3 4 5 6 7 |  7.5
Fire Magic     | 1 2 3 4 5 6 7 |  7.5
Ice Magic      | 1 2 3 4 5 6 7 |  7.5
Air Magic      | 1 2 3 4 5 6 7 |  7.5
Earth Magic    | 1 2 3 4 5 6 7 |  7.5
Poison Magic   | 1 2 3 4 5 6 7 |  7.5
Evocations     | 3 4 5 6 7 8 9 |  9.5
Conjurations   | 4 5 6 7 8 |  8.5
Axes           | 7 8 9 10 11 | 11.2
Dodging        | 7 8 9 10 11 12 13 | 13.9

Action                   |  1- 3 |  4- 6 |  7- 9 | 10-12 | 13-15 || total
-------------------------+-------+-------+-------+-------+-------++-------
Melee: Hand axe          |    73 |    60 |       |       |       ||   133
       Bite              |     5 |     3 |    13 |    26 |    18 ||    65
       Punch             |     1 |     4 |     4 |       |       ||     9
       War axe           |       |    39 |   132 |   264 |    96 ||   531
Throw: Dart              |       |       |     4 |       |       ||     4
 Cast: Foxfire           |     5 |    95 |   178 |   351 |   163 ||   792
       Ozocubu's Armour  |       |       |     1 |     4 |       ||     5
       Mephitic Cloud    |       |       |       |     3 |       ||     3
       Passwall          |       |       |       |     5 |     1 ||     6
       Stone Arrow       |       |       |       |    75 |    57 ||   132
       Ensorcelled Hiber |       |       |       |     5 |       ||     5
       Hailstorm         |       |       |       |    11 |     6 ||    17
Invok: Slouch            |       |       |       |       |     1 ||     1
Evoke: Wand              |       |       |     4 |     2 |       ||     6
  Use: Scroll            |     1 |     3 |     7 |     6 |     2 ||    19
       Potion            |       |     1 |     2 |     1 |       ||     4
 Stab: Sleeping          |       |       |     5 |     5 |     1 ||    11
       Confused          |       |       |       |     3 |       ||     3
Armor: Leather armour    |     6 |       |       |       |       ||     6
       Ring mail         |    20 |    61 |     6 |       |    32 ||   119
       Steam dragon scal |       |       |    38 |    50 |     1 ||    89
Dodge: Dodged            |    47 |    81 |   117 |   264 |   116 ||   625
Block: Buckler           |       |       |     8 |    98 |    66 ||   172

Table legend: (Time is in decaauts)
 A = Elapsed time spent in this place.
 B = Non-inter-level travel time spent in this place.
 C = Inter-level travel time spent in this place.
 D = Time resting spent in this place.
 E = Time spent auto-exploring this place.
 F = Levels seen in this place.
 G = Mean time per level.
                   A        B        C        D        E       F      G
               +--------+--------+--------+--------+--------+-----+--------+
         Total |  21098 |  20128 |    970 |   3616 |  12440 |  16 | 1318.6 |
       Dungeon |  12731 |  12078 |    653 |   2316 |   7244 |   9 | 1414.6 |
        Temple |     28 |     17 |     11 |      0 |      0 |   1 |   28.0 |
          Lair |   8228 |   7923 |    305 |   1283 |   5195 |   5 | 1645.6 |
       Volcano |    111 |    111 |      0 |     17 |      0 |   1 |  111.0 |
               +--------+--------+--------+--------+--------+-----+--------+

Top non-repeatable levels by time:
  Lair:3: 2325 daAuts
     D:7: 2249 daAuts
     D:6: 1731 daAuts
     D:9: 1691 daAuts
  Lair:1: 1637 daAuts
  Lair:2: 1525 daAuts
     D:5: 1514 daAuts
     D:8: 1413 daAuts
  Lair:4: 1393 daAuts
  Lair:5: 1347 daAuts
     D:3: 1222 daAuts
     D:4: 1121 daAuts
     D:2: 993 daAuts
     D:1: 794 daAuts
 Volcano: 111 daAuts
